| TOP OF THE 1ST |
|---|
| Mississippi Rebels batting - Pitching for Wake Forest Demon Deacons : RHP Matt Trace | | Pitching: RHP Matt Trace | | | Batting: RHB Adam Anderson | 0-0: Ball 1-0: Foul Ball, location: 2F 1-1: Ball 2-1: Ball 3-1: Ground out 5-3 (Groundball, 56) | | Batting: LHB Jan McAlister | 0-0: Ball 1-0: Swinging Strike 1-1: Called Strike 1-2: Ball 2-2: Foul Ball, location: 2F 2-2: SINGLE (Flyball, 89M) | | Batting: LHB Kody Hall | 0-0: Ball 1-0: Ball 2-0: Called Strike 2-1: Ball Jan McAlister steals 2nd base 3-1: Called Strike 3-2: Base on Balls | | Batting: LHB Brian Dishner | 0-0: Ball Jan McAlister is caught stealing 3rd base Kody Hall to second 1-0: Called Strike 1-1: SINGLE (Line Drive, 34D) Kody Hall to third Runner from 3rd tries for Home, SAFE, no throw | | Batting: RHB Tyler Silva | 0-0: Ball 1-0: Ball 2-0: Called Strike 2-1: Ball 3-1: Base on Balls Brian Dishner to second | | Batting: LHB Ron McLeish | 0-0: Called Strike 0-1: Ball 1-1: Foul Ball, location: 2F 1-2: Ball 2-2: Foul Ball, location: 2F 2-2: SINGLE (Groundball, 4MD) Brian Dishner to third Tyler Silva to second | | Batting: RHB Kyle Cuevas | 0-0: Ball 1-0: Called Strike 1-1: Swinging Strike 1-2: Foul Ball, location: 2F 1-2: Strikes out swinging | | Top of the 1st over - 1 run(s), 3 hit(s), 0 error(s), 3 left on base; Mississippi 1 - Wake Forest 0 | | BOTTOM OF THE 1ST |
|---|
| Wake Forest Demon Deacons batting - Pitching for Mississippi Rebels : RHP Andrew Power | | Pitching: RHP Andrew Power | | | Batting: RHB Mike Rider | 0-0: Foul Ball, location: 2F 0-1: Foul Ball, location: 2F 0-2: Ball 1-2: Ground out 5-3 (Groundball, 5) | | Batting: LHB Mark Schumann | 0-0: Ball 1-0: Foul Ball, location: 2F 1-1: Fly out, F6 (Popup, 6MS) | | Batting: RHB Leo Reynaga | 0-0: Swinging Strike 0-1: Fly out, F8 (Flyball, 8RM) | | Bottom of the 1st over - 0 run(s), 0 hit(s), 0 error(s), 0 left on base; Mississippi 1 - Wake Forest 0 | | TOP OF THE 2ND |
|---|
| Mississippi Rebels batting - Pitching for Wake Forest Demon Deacons : RHP Matt Trace | | Batting: RHB Dave Elliott | 0-0: Ball 1-0: Ball 2-0: Called Strike 2-1: Foul Ball, location: 2F 2-2: Strikes out swinging | | Batting: RHB Nate Clark | 0-0: Ball 1-0: Foul Ball, location: 2F 1-1: SINGLE (Line Drive, 6MD) | | Batting: RHB Adam Anderson | 0-0: Ball 1-0: Ball 2-0: Called Strike 2-1: Called Strike 2-2: Ball 3-2: Strikes out looking | | Batting: LHB Jan McAlister | 0-0: Ball 1-0: Ball 2-0: Ball 3-0: Called Strike 3-1: Base on Balls Nate Clark to second | | Batting: LHB Kody Hall | 0-0: Ground out 3-1 (Groundball, 34S) | | Top of the 2nd over - 0 run(s), 1 hit(s), 0 error(s), 2 left on base; Mississippi 1 - Wake Forest 0 | | BOTTOM OF THE 2ND |
|---|
| Wake Forest Demon Deacons batting - Pitching for Mississippi Rebels : RHP Andrew Power | | Batting: LHB Pete Lau | 0-0: Ball 1-0: Fly out, F5 (Popup, 5SF) | | Batting: RHB Jesse Stone | 0-0: DOUBLE (Line Drive, 8RD) | | Batting: SHB Dustin Overstreet | 0-0: Swinging Strike 0-1: Called Strike 0-2: Fly out, F7 (Line Drive, 7D) Runner from 2nd tags up, SAFE at 3rd, no throw | | Batting: RHB Chris Heron | 0-0: Ball 1-0: Ball 2-0: Swinging Strike 2-1: Fly out, F8 (Flyball, 8LS) | | Bottom of the 2nd over - 0 run(s), 1 hit(s), 0 error(s), 1 left on base; Mississippi 1 - Wake Forest 0 | | TOP OF THE 3RD |
|---|
| Mississippi Rebels batting - Pitching for Wake Forest Demon Deacons : RHP Matt Trace | | Batting: LHB Brian Dishner | 0-0: Foul Ball, location: 2F 0-1: Foul Ball, location: 2F 0-2: Ball 1-2: Ground out U3 (Groundball, 3) | | Batting: RHB Tyler Silva | 0-0: Fly out, F8 (Flyball, 8RS) | | Batting: LHB Ron McLeish | 0-0: Ball 1-0: Ball 2-0: Ground out 4-3 (Groundball, 4) | | Top of the 3rd over - 0 run(s), 0 hit(s), 0 error(s), 0 left on base; Mississippi 1 - Wake Forest 0 | | BOTTOM OF THE 3RD |
|---|
| Wake Forest Demon Deacons batting - Pitching for Mississippi Rebels : RHP Andrew Power | | Batting: RHB Chris Walker | 0-0: Foul Ball, location: 2F 0-1: Ball 1-1: Ball 2-1: Foul Ball, location: 2F 2-2: Ball 3-2: Fly out, F9 (Flyball, 9) | | Batting: RHB Caleb Doubleday | 0-0: Ground out 6-3 (Groundball, 6) | | Batting: RHB Mike Rider | 0-0: Ball 1-0: Ball 2-0: Ball 3-0: Called Strike 3-1: Swinging Strike 3-2: Base on Balls | | Batting: LHB Mark Schumann | 0-0: Swinging Strike 0-1: Foul Ball, location: 2F 0-2: Ball 1-2: Ground out 4-3 (Groundball, 4) | | Bottom of the 3rd over - 0 run(s), 0 hit(s), 0 error(s), 1 left on base; Mississippi 1 - Wake Forest 0 | | TOP OF THE 4TH |
|---|
| Mississippi Rebels batting - Pitching for Wake Forest Demon Deacons : RHP Matt Trace | | Batting: RHB Kyle Cuevas | 0-0: Called Strike 0-1: Ball 1-1: Ball 2-1: Ground out 4-3 (Groundball, 4) | | Batting: RHB Dave Elliott | 0-0: Ball 1-0: Ground out 6-3 (Groundball, 6) | | Batting: RHB Nate Clark | 0-0: Called Strike 0-1: Swinging Strike 0-2: Fly out, F7 (Flyball, 7) | | Top of the 4th over - 0 run(s), 0 hit(s), 0 error(s), 0 left on base; Mississippi 1 - Wake Forest 0 | | BOTTOM OF THE 4TH |
|---|
| Wake Forest Demon Deacons batting - Pitching for Mississippi Rebels : RHP Andrew Power | | Batting: RHB Leo Reynaga | 0-0: Ball 1-0: Ball 2-0: Called Strike 2-1: Swinging Strike 2-2: Ground out 5-3 (Groundball, 56) | | Batting: LHB Pete Lau | 0-0: Ball 1-0: Called Strike 1-1: Ball 2-1: Called Strike 2-2: Foul Ball, location: 2F 2-2: Ball 3-2: SINGLE (Groundball, 4MD) | | Batting: RHB Jesse Stone | 0-0: Ball 1-0: Ball 2-0: Swinging Strike 2-1: Foul Ball, location: 2F 2-2: Ground out 5-3 (Groundball, 56S) Pete Lau to second | | Batting: SHB Dustin Overstreet | 0-0: Called Strike 0-1: Ball 1-1: Ball 2-1: Ball 3-1: Foul Ball, location: 2F 3-2: Foul Ball, location: 2F 3-2: Base on Balls | | Batting: RHB Chris Heron | 0-0: Ground out U3 (Groundball, 34) | | Bottom of the 4th over - 0 run(s), 1 hit(s), 0 error(s), 2 left on base; Mississippi 1 - Wake Forest 0 | | TOP OF THE 5TH |
|---|
| Mississippi Rebels batting - Pitching for Wake Forest Demon Deacons : RHP Matt Trace | | Batting: RHB Adam Anderson | 0-0: Called Strike 0-1: Foul Ball, location: 2F 0-2: Strikes out swinging | | Batting: LHB Jan McAlister | 0-0: Called Strike 0-1: Ground out U3 (Groundball, 3) | | Batting: LHB Kody Hall | 0-0: Called Strike 0-1: SOLO HOME RUN (Flyball, 78XD), Distance : 429 ft | | Batting: LHB Brian Dishner | 0-0: Ball 1-0: Ball 2-0: Called Strike 2-1: Foul Ball, location: 2F 2-2: Ball 3-2: Base on Balls | | Pitching: RHP Sean Walton | | | Batting: RHB Tyler Silva | 0-0: Ball 1-0: Fielders Choice at 2nd, 6-4 (Groundball, 56) | | Top of the 5th over - 1 run(s), 1 hit(s), 0 error(s), 0 left on base; Mississippi 2 - Wake Forest 0 | | BOTTOM OF THE 5TH |
|---|
| Wake Forest Demon Deacons batting - Pitching for Mississippi Rebels : RHP Andrew Power | | Batting: RHB Chris Walker | 0-0: Called Strike 0-1: Swinging Strike 0-2: Ball 1-2: Ball 2-2: Foul Ball, location: 2F 2-2: Foul Ball, location: 2F 2-2: Fly out, F5 (Popup, 56S) | | Batting: RHB Caleb Doubleday | 0-0: Called Strike 0-1: Called Strike 0-2: Ground out 6-3 (Groundball, 6) | | Batting: RHB Mike Rider | 0-0: Ball 1-0: Foul Ball, location: 2F 1-1: Ball 2-1: Ball 3-1: Base on Balls | | Batting: LHB Mark Schumann | 0-0: Ball 1-0: Ball 2-0: Fly out, F7 (Flyball, 7) | | Bottom of the 5th over - 0 run(s), 0 hit(s), 0 error(s), 1 left on base; Mississippi 2 - Wake Forest 0 | | TOP OF THE 6TH |
|---|
| Mississippi Rebels batting - Pitching for Wake Forest Demon Deacons : RHP Sean Walton | | Batting: LHB Ron McLeish | 0-0: Ball 1-0: Called Strike 1-1: Ball 2-1: Foul Ball, location: 2F 2-2: Ball 3-2: Fly out, F6 (Line Drive, 6) | | Batting: RHB Kyle Cuevas | 0-0: Ball 1-0: Foul Ball, location: 2F 1-1: Ball 2-1: Ball 3-1: Called Strike 3-2: Foul Ball, location: 2F 3-2: Foul Ball, location: 2F 3-2: Base on Balls | | Batting: RHB Dave Elliott | 0-0: SINGLE (Line Drive, 6D) Kyle Cuevas to second | | Batting: RHB Nate Clark | 0-0: Ball 1-0: Foul Ball, location: 2F 1-1: Grounds into double play, 5-4-3 (Groundball, 56) | | Top of the 6th over - 0 run(s), 1 hit(s), 0 error(s), 1 left on base; Mississippi 2 - Wake Forest 0 | | BOTTOM OF THE 6TH |
|---|
| Wake Forest Demon Deacons batting - Pitching for Mississippi Rebels : RHP Andrew Power | | Batting: RHB Leo Reynaga | 0-0: Called Strike 0-1: Ball 1-1: Ball 2-1: Fly out, F7 (Flyball, 7D) | | Pitching: LHP Joe Vignola | | | Batting: LHB Pete Lau | 0-0: Swinging Strike 0-1: Foul Ball, location: 2F 0-2: SINGLE (Groundball, 3D) | | Batting: RHB Jesse Stone | 0-0: Foul Ball, location: 2F 0-1: Ball 1-1: Ball 2-1: Called Strike 2-2: Ball 3-2: Fly out, F9 (Flyball, 89M) | | Batting: SHB Dustin Overstreet | 0-0: Called Strike 0-1: Ball 1-1: Ball 2-1: Ball 3-1: Ground out 4-3 (Groundball, 4) | | Bottom of the 6th over - 0 run(s), 1 hit(s), 0 error(s), 1 left on base; Mississippi 2 - Wake Forest 0 | | TOP OF THE 7TH |
|---|
| Mississippi Rebels batting - Pitching for Wake Forest Demon Deacons : RHP Sean Walton | | Batting: RHB Adam Anderson | 0-0: Ball 1-0: Fly out, F9 (Line Drive, 9) | | Batting: LHB Jan McAlister | 0-0: Ball 1-0: Ball 2-0: Ball 3-0: Called Strike 3-1: Foul Ball, location: 2F 3-2: Base on Balls | | Batting: LHB Kody Hall | 0-0: Ball 1-0: Ball Jan McAlister steals 2nd base 2-0: Called Strike 2-1: Foul Ball, location: 2F 2-2: Ball 3-2: Reached on error, E4 (Groundball, 4) Jan McAlister scores | | Batting: LHB Brian Dishner | 0-0: Ball Kody Hall is caught stealing 3rd base 1-0: Ball 2-0: Called Strike 2-1: Ball 3-1: Ground out 3-1 (Groundball, 34) | | Top of the 7th over - 1 run(s), 0 hit(s), 1 error(s), 0 left on base; Mississippi 3 - Wake Forest 0 | | BOTTOM OF THE 7TH |
|---|
| Wake Forest Demon Deacons batting - Pitching for Mississippi Rebels : LHP Joe Vignola | | Batting: RHB Chris Heron | 0-0: Called Strike 0-1: Ball 1-1: SINGLE (Flyball, 89S) | | Batting: RHB Chris Walker | 0-0: Ball 1-0: Fly out, F7 (Flyball, 7LS) | | Batting: RHB Caleb Doubleday | 0-0: Ball 1-0: Ball 2-0: Called Strike 2-1: Foul Ball, location: 2F 2-2: SINGLE (Groundball, 56D) Chris Heron to second | | Batting: RHB Mike Rider | 0-0: Ball 1-0: Called Strike 1-1: Fly out, F9 (Flyball, 9LM) | | Batting: LHB Mark Schumann | 0-0: SINGLE (Line Drive, 9S) Chris Heron to third Caleb Doubleday to second Runner from 3rd tries for Home, SAFE, no throw | | Batting: RHB Leo Reynaga | 0-0: Foul Ball, location: 2F 0-1: Ball 1-1: Foul Ball, location: 2F 1-2: DOUBLE (Line Drive, 9LM) Caleb Doubleday scores Mark Schumann to third Runner from 3rd tries for Home, SAFE, no throw | | Pitching: RHP Aidan Haley | | | Batting: LHB Pete Lau | 0-0: Called Strike 0-1: Called Strike 0-2: Foul Ball, location: 2F 0-2: Fly out, F4 (Flyball, 34D) | | Bottom of the 7th over - 3 run(s), 4 hit(s), 0 error(s), 1 left on base; Mississippi 3 - Wake Forest 3 | | TOP OF THE 8TH |
|---|
| Mississippi Rebels batting - Pitching for Wake Forest Demon Deacons : RHP Sean Walton | | Batting: RHB Tyler Silva | 0-0: Called Strike 0-1: Ball 1-1: Ball 2-1: Fly out, F8 (Flyball, 8LM) | | Batting: LHB Ron McLeish | 0-0: Ball 1-0: Ball 2-0: Called Strike 2-1: Swinging Strike 2-2: Fly out, F6 (Popup, 6MD) | | Pinch Hitting: LHB Ryan Nicholson | 0-0: Swinging Strike 0-1: Ball 1-1: Ball 2-1: Fly out, F3 (Popup, 23F) | | Top of the 8th over - 0 run(s), 0 hit(s), 0 error(s), 0 left on base; Mississippi 3 - Wake Forest 3 | | BOTTOM OF THE 8TH |
|---|
| Wake Forest Demon Deacons batting - Pitching for Mississippi Rebels : RHP Aidan Haley | | Now at 1B: Alex Rivera | | | Batting: RHB Jesse Stone | 0-0: Ball 1-0: SINGLE (Flyball, 8RS) | | Batting: SHB Dustin Overstreet | 0-0: Bunted foul 0-1: Bunted foul 0-2: Ball 1-2: Foul Ball, location: 2F 1-2: Ball 2-2: Ball 3-2: Base on Balls Jesse Stone to second | | Pinch Hitting: LHB Taylor Taylor | 0-0: Foul Ball, location: 2F 0-1: Ball 1-1: Ball 2-1: Swinging Strike 2-2: Ball 3-2: Foul Ball, location: 2F 3-2: Foul Ball, location: 2F 3-2: Ground out U3 (Groundball, 3) Jesse Stone to third Dustin Overstreet to second | | Batting: RHB Chris Walker | 0-0: Foul Ball, location: 2F 0-1: Foul Ball, location: 2F 0-2: Ball 1-2: Ball 2-2: Foul Ball, location: 2F 2-2: Ball 3-2: Foul Ball, location: 2F 3-2: Foul Ball, location: 2F 3-2: Base on Balls | | Batting: RHB Caleb Doubleday | 0-0: Called Strike 0-1: Foul Ball, location: 2F 0-2: Ball 1-2: Ball 2-2: Ball 3-2: Foul Ball, location: 2F 3-2: Foul Ball, location: 2F 3-2: Base on Balls Jesse Stone scores Dustin Overstreet to third Chris Walker to second | | Batting: RHB Mike Rider | 0-0: Called Strike 0-1: Ball 1-1: Fly out, F7 (Flyball, 78D) Runner from 3rd tags up, SCORES, throw made | | Pitching: RHP Amado Campos | | | Batting: LHB Mark Schumann | 0-0: Ball 1-0: Ball 2-0: Ball 3-0: Base on Balls Chris Walker to third Caleb Doubleday to second | | Batting: RHB Leo Reynaga | 0-0: Called Strike 0-1: Ground out 4-3 (Groundball, 34) | | Bottom of the 8th over - 2 run(s), 1 hit(s), 0 error(s), 3 left on base; Mississippi 3 - Wake Forest 5 | | TOP OF THE 9TH |
|---|
| Mississippi Rebels batting - Pitching for Wake Forest Demon Deacons : RHP Sean Walton | | Pitching: RHP Andy McCord | | | Now at SS: Karl Kelly | | | Batting: RHB Dave Elliott | 0-0: Ball 1-0: Foul Ball, location: 2F 1-1: Foul Ball, location: 2F 1-2: Ball 2-2: Strikes out swinging | | Batting: RHB Nate Clark | 0-0: Ball 1-0: Ball 2-0: Ground out 6-3 (Groundball, 6) | | Batting: RHB Adam Anderson | 0-0: Ball 1-0: Foul Ball, location: 2F 1-1: Ground out 5-3 (Groundball, 56) | | Top of the 9th over - 0 run(s), 0 hit(s), 0 error(s), 0 left on base; Mississippi 3 - Wake Forest 5 | |